 Dungeon Crawl Stone Soup version 0.13.1-29-g71f4f6b (console) character file.

2244 puppeteer the Cleaver (level 9, -5/109 HPs)
             Began as a Centaur Berserker on Mar 22, 2014.
             Was a Believer of Trog.
             Slain by a troll (12 damage)
             ... on Level 9 of the Dungeon.
             The game lasted 00:10:32 (1400 turns).

puppeteer the Cleaver (Centaur Berserker)           Turns: 1400, Time: 00:10:32

HP  -5/109       AC  6     Str 24      XL: 9   Next: 11%
MP   6/6         EV  5     Int  9      God: Trog [**....]
Gold 63          SH 15     Dex 10      Spells:  0 memorised,  8 levels left

Res.Fire  : . . .   See Invis. : .   o - +0 dwarf broad axe
Res.Cold  : . . .   Warding    : .   n - +0 orc ring mail
Life Prot.: . . .   Conserve   : .   r - +0 shield
Res.Poison: .       Res.Corr.  : .   l - +0 winged helmet
Res.Elec. : .       Clarity    : .   (no cloak)
Sust.Abil.: . .     Spirit.Shd : .   (no gloves)
Res.Mut.  : .       Stasis     : .   (no barding)
Res.Rott. : .       Flight     : .   (no amulet)
Saprovore : . . .                    (no ring)
                                     (no ring)

@: regenerating, berserking, mildly poisoned, very quick, very resistant to
hostile enchantments, extremely unstealthy
A: hooves 3, deformed body, herbivore 1, speed 2, fast metabolism 1, tough skin
3
a: Burn Spellbooks, Berserk, Trog's Hand, Renounce Religion


You were on level 9 of the Dungeon.
You worshipped Trog.
Trog was pleased with you.
You were not hungry.

You visited 1 branch of the dungeon, and saw 9 of its levels.

You collected 65 gold pieces.
You spent 22 gold pieces at shops.

Inventory:

Hand weapons
 b - a +0 blowgun
 o - a +0,+0 dwarven broad axe (weapon)
 t - a +0,+0 dwarven hand axe (quivered)
Armour
 l - a +0 winged helmet (worn)
 n - a +0 orcish ring mail (worn)
 r - a +0 shield (worn)
Magical devices
 p - a wand of frost (16)
Comestibles
 a - 2 beef jerkies
 c - 5 bread rations
 m - a pear
 u - 2 rotting chunks of yak flesh
 v - 8 cheeses
Scrolls
 f - a scroll of curse armour {unknown}
 j - a scroll of random uselessness {unknown}
 k - 2 scrolls of curse jewellery {unknown}
 q - 3 scrolls of curse weapon {unknown}
 s - a scroll of teleportation {unknown}
Jewellery
 d - an uncursed ring of fire {unknown}
Potions
 e - a potion of invisibility
 g - 2 potions of restore abilities
 h - 3 potions of curing
 i - a potion of brilliance {unknown}
 w - a potion of heal wounds {unknown}


   Skills:
 - Level 5.3 Fighting
   Level 2.6 Short Blades
 + Level 10.2 Axes
 - Level 1.3 Armour
 - Level 1.3 Dodging


You had 8 spell levels left.
You didn't know any spells.

Dungeon Overview and Level Annotations

Branches:
Dungeon (9/27)
 Temple: D:4-7          Orc: D:6-11        Lair: D:8-13

Altars:
Nemelex Xobeh
Xom

Shops:
D:5 ?


Innate Abilities, Weirdness & Mutations

You have hooves in place of feet.
Armour fits poorly on your strangely shaped body.
You digest meat inefficiently.
You cover ground very quickly.
You have a fast metabolism.
You have extremely tough skin (AC +3).


Message History

You are poisoned.
The troll bites you. You block the troll's attack. The troll barely misses you.
Your shield and ring mail prevent you from hitting the ogre.
The ogre is lightly wounded.
You slash Erolcha!
You kill Erolcha!
Trog accepts your kill.
Trog appreciates your killing of a magic user.
Your Axes skill increases to level 10!
You have reached level 9!
Your experience leads to an increase in your attributes!
Increase (S)trength, (I)ntelligence, or (D)exterity?
You feel clever.
You slash the troll!
The troll is moderately wounded.
You feel sick. The ogre hits you with a giant club!
* * * LOW HITPOINT WARNING * * *
The troll bites you but does no damage. You block the troll's attack.
The troll claws you!
You die...

..
...####################
.......O................
......p)@................
.......T.................
..............<.........
..........>............
...#################### .


You could see a troll, a hungry ghost and an ogre.

Vanquished Creatures
  Erolcha (D:9)
  Grinder (D:3)
  A yak (D:8)
  Menkaure (D:7)
  A human (D:8)
  An ogre (D:5)
  Sigmund (D:2)
  3 big kobolds (D:8)
  A centaur (D:8)
  5 wights (D:7)
  A goliath beetle (D:6)
  A crimson imp (D:3)
  A jelly (D:6)
  A giant frog skeleton (D:4)
  4 worker ants
  3 sheep (D:8)
  A worker ant zombie (D:7)
  An adder (D:5)
  A giant mite (D:2)
  A giant gecko (D:3)
  An orc (D:4)
  2 ball pythons (D:1)
  A giant cockroach (D:2)
  2 goblins
  5 hobgoblins
  3 jackals (D:3)
  10 kobolds
  4 bats
  3 rats
  A ballistomycete (D:8)
63 creatures vanquished.

Vanquished Creatures (others)
  A giant spore (D:8)
1 creature vanquished.

Grand Total: 64 creatures vanquished

Notes
Turn   | Place    | Note
--------------------------------------------------------------
     0 | D:1      | puppeteer, the Centaur Berserker, began the quest for the Orb.
     0 | D:1      | Reached XP level 1. HP: 19/19 MP: 0/0
   224 | D:2      | Reached XP level 2. HP: 15/26 MP: 1/1
   315 | D:2      | Noticed Sigmund
   325 | D:2      | Killed Sigmund
   325 | D:2      | Reached skill level 5 in Fighting
   325 | D:2      | Reached XP level 3. HP: 6/33 MP: 2/2
   325 | D:2      | Reached XP level 4. HP: 7/40 MP: 2/2
   420 | D:2      | Acquired Trog's second power
   562 | D:3      | Noticed Grinder
   578 | D:3      | Killed Grinder
   578 | D:3      | Reached XP level 5. HP: 9/47 MP: 3/3
   578 | D:3      | Reached XP level 6. HP: 10/53 MP: 4/4
   655 | D:5      | Entered Level 5 of the Dungeon
   656 | D:5      | Found a sparkling altar of Nemelex Xobeh.
   659 | D:5      | Found Crao's Magic Scroll Shop.
   665 | D:5      | Reached skill level 5 in Axes
   667 | D:5      | Reached XP level 7. HP: 6/60 MP: 4/4
   710 | D:5      | Bought a scroll of identify for 22 gold pieces
   738 | D:5      | Found a shimmering altar of Xom.
   951 | D:7      | Reached skill level 6 in Axes
  1029 | D:7      | Noticed Menkaure
  1047 | D:7      | Killed Menkaure
  1047 | D:7      | Reached skill level 7 in Axes
  1111 | D:8      | Noticed a yak
  1130 | D:8      | Reached XP level 8. HP: 66/68 MP: 5/5
  1136 | D:8      | Killed a yak
  1136 | D:8      | Reached skill level 8 in Axes
  1324 | D:8      | Reached skill level 9 in Axes
  1392 | D:9      | Noticed Erolcha
  1395 | D:9      | Noticed a troll
  1400 | D:9      | Killed Erolcha
  1400 | D:9      | Reached skill level 10 in Axes
  1400 | D:9      | Reached XP level 9. HP: 37/73 MP: 6/6
  1400 | D:9      | Slain by a troll

Action                   |  1- 3 |  4- 6 |  7- 9 || total
-------------------------+-------+-------+-------++-------
Melee: Short sword       |    43 |    25 |       ||    68
       Broad axe         |       |    29 |    97 ||   126
Invok: Berserk           |     2 |     2 |     5 ||     9
       Trog's Hand       |       |     2 |     8 ||    10
Evoke: Wand              |       |       |     2 ||     2
  Use: Scroll            |       |       |     2 ||     2
       Potion            |       |       |     1 ||     1
